 Dungeon Sprint DCSS version 0.22.1-2-g9c5b331 (webtiles) character file.

57 diana the Slasher (level 3, -1/31 HPs)
             Began as a Demonspawn Gladiator on Nov 28, 2018.
             Was an Initiate of Okawaru.
             Slain by a wraith (5 damage)
             ... in the Dungeon (Sprint IX: "|||||||||||||||||||||||||||||").
             The game lasted 00:01:28 (341 turns).

diana the Slasher (Demonspawn Gladiator)             Turns: 341, Time: 00:01:28

Health: -1/31      AC:  4    Str: 15    XL:     3   Next: 73%
Magic:  3/3        EV: 12    Int:  9    God:    Okawaru [......]
Gold:   0          SH:  0    Dex: 14    Spells: 2/2 levels left

rFire    . . .     SeeInvis .   a - +0 long sword
rCold    . . .     Gourm    .   (no shield)
rNeg     . . .     Faith    .   b - +0 leather armour
rPois    .         Spirit   .   c - +0 helmet
rElec    .         Reflect  .   (no cloak)
rCorr    .         Harm     .   (no gloves)
MR       .....     NoTele   +   (no boots)
Stlth    +.........             (no amulet)
HPRegen  0.10/turn              (no ring)
MPRegen  0.08/turn              (no ring)

@: slowed, very slow
A: spiny 1
a: Renounce Religion


You were in the Dungeon.
You worshipped Okawaru.
Okawaru was noncommittal.
You were not hungry.

You visited 1 branch

Inventory:

Hand Weapons
 a - a +0 long sword (weapon)
Missiles
 d - 3 throwing nets (quivered)
Armour
 b - a +0 leather armour (worn)
 c - a +0 helmet (worn)
 p - a +0 pair of gloves
 q - a +1 chain mail
 r - a +0 helmet
Jewellery
 s - a +3 ring of intelligence
 t - a +3 ring of intelligence
Wands
 o - a wand of acid (10)
Scrolls
 k - 2 scrolls of blinking
 m - 3 scrolls of remove curse
 n - 2 scrolls of amnesia
Potions
 e - a potion of invisibility
 g - 2 potions of heal wounds
 h - a potion of haste
 i - 4 potions of magic
 j - a potion of berserk rage
 l - 4 potions of curing
Comestibles
 f - a ration


   Skills:
 + Level 4.6 Fighting
 * Level 6.1 Long Blades
 - Level 1.7 Throwing
 - Level 2.6 Dodging


You had 2 spell levels left.
You didn't know any spells.
Your spell library was empty.

Dungeon Overview and Level Annotations

Branches:
Dungeon (1/1)

Altars:
Cheibriados
Dithmenos
Elyvilon
Fedhas
Gozag
Hepliaklqana
Kikubaaqudgha
Makhleb
Nemelex Xobeh
Okawaru
Qazlal
Ru
Sif Muna
Trog
Uskayaw
Vehumet
Wu Jian
Xom
Yredelemnul
Zin
The Shining One
Beogh
Jiyva
Lugonu


Innate Abilities, Weirdness & Mutations

You are partially covered in sharp spines.


Message History

The wraith is heavily damaged.
The wraith hits you! The wraith drains your vigour!
You feel yourself slow down.
You hit the wraith but do no damage.
The wraith is heavily damaged.
The wraith misses you. The wraith closely misses you.
You riposte.
You hit the wraith.
The wraith is severely damaged.
You hit the wraith but do no damage.
The wraith is severely damaged.
The wraith hits you. The wraith drains your vigour!
You feel as though you will be slow longer.
The wraith hits you!
* * * LOW HITPOINT WARNING * * *
The wraith drains your vigour!
You feel as though you will be slow longer.
You barely miss the wraith.
The wraith is heavily damaged.
The wraith hits you.
You die...

▓.▓
▓h▓
▓H▓
▓o▓
▓c▓
▓F▓
▓W▓
▓@▓
▓.▓
▓.▓
▓.▓
▓.▓
▓)▓
▓|▓
▓.▓
▓.▓


You could see a hippogriff, a wraith, an orc warrior, a bullfrog, a centaur and
a jackal.

Vanquished Creatures
  A crimson imp (D)
  An adder (D)
  An adder zombie (D)
  2 leopard geckos (D)
  A giant cockroach (D)
  A hobgoblin (D)
  A giant cockroach zombie (D)
  2 kobolds (D)
10 creatures vanquished.

Notes
Turn   | Place    | Note
-------+----------+-------------------------------------------
     0 | D        | diana the Demonspawn Gladiator began the quest for the Orb.
     0 | D        | Reached XP level 1. HP: 16/16 MP: 1/1
     6 | D        | Reached skill level 3 in Long Blades
   190 | D        | Noticed a crimson imp
   193 | D        | Reached skill level 4 in Long Blades
   193 | D        | Gained mutation: You are partially covered in sharp spines.
                  | [demonic ancestry]
   193 | D        | Reached XP level 2. HP: 10/24 MP: 2/2
   260 | D        | Killed a crimson imp
   260 | D        | Reached skill level 6 in Long Blades
   260 | D        | Reached XP level 3. HP: 30/31 MP: 3/3
   274 | D        | Found a roughly hewn altar of Beogh.
   274 | D        | Found a snail-covered altar of Cheibriados.
   274 | D        | Found a shadowy altar of Dithmenos.
   274 | D        | Found a white marble altar of Elyvilon.
   274 | D        | Found a blossoming altar of Fedhas.
   274 | D        | Found an opulent altar of Gozag.
   275 | D        | Found a hazy altar of Hepliaklqana.
   276 | D        | Found a viscous altar of Jiyva.
   277 | D        | Found an ancient bone altar of Kikubaaqudgha.
   278 | D        | Found a corrupted altar of Lugonu.
   279 | D        | Found a burning altar of Makhleb.
   280 | D        | Found a sparkling altar of Nemelex Xobeh.
   281 | D        | Found an iron altar of Okawaru.
   282 | D        | Found a stormy altar of Qazlal.
   283 | D        | Found a sacrificial altar of Ru.
   284 | D        | Found a deep blue altar of Sif Muna.
   285 | D        | Found a bloodstained altar of Trog.
   286 | D        | Found a hide-covered altar of Uskayaw.
   287 | D        | Found a radiant altar of Vehumet.
   288 | D        | Found an ornate altar of the Wu Jian Council.
   289 | D        | Found a shimmering altar of Xom.
   290 | D        | Found a basalt altar of Yredelemnul.
   291 | D        | Found a glowing silver altar of Zin.
   295 | D        | Became a worshipper of Warmaster Okawaru
   299 | D        | Found a glowing golden altar of the Shining One.
   330 | D        | Noticed a hippogriff
   330 | D        | Noticed an orc warrior
   330 | D        | Noticed a centaur
   330 | D        | Noticed a bullfrog
   330 | D        | Noticed a wraith
   341 | D        | Slain by a wraith

Skill      XL: |  1  2 |
---------------+-------+-----
Long Blades    | 4 6 |  6.1
Fighting       | 3 4 |  4.6
Throwing       | |  1.7
Dodging        | |  2.6

Action                   || total
-------------------------++-------
Melee: Long sword        ||    68
  Use: Potion            ||     2
Armor: Leather armour    ||    26
Dodge: Dodged            ||    40
       Rpst.: Long sword ||    12
